 Dungeon Crawl Stone Soup version 0.27-a0-1193-g8631133539 (webtiles) character file.

Game seed: 16272996152019119765

2559 ahrsahrtis the Fighter (level 9, -8/85 HPs)
             Began as a Minotaur Berserker on May 25, 2021.
             Was a High Priest of Trog.
             Mangled by Harold
             ... wielding a +0 halberd
              (9 damage)
             ... on level 7 of the Dungeon.
             The game lasted 00:13:14 (6201 turns).

ahrsahrtis the Fighter (Minotaur Berserker)         Turns: 6201, Time: 00:13:15

Health: -8/85      AC: 12    Str: 29 (30) XL:     9   Next: 31%
Magic:  8/8        EV: 10    Int:  2 (4)  God:    Trog [*****.]
Gold:   281        SH:  8    Dex:  9 (10) Spells: 8/8 levels left

rFire    . . .     SeeInvis .   l - +1 mace (protect)
rCold    + . .     Faith    .   G - +0 kite shield
rNeg     . . .     Spirit   .   D - +2 leather armour of Ethics {rF- Str+5}
rPois    +         Reflect  .   (helmet unavailable)
rElec    +         Harm     .   (no cloak)
rCorr    +         Rampage  .   F - +0 pair of gloves
Will     .....                  h - +0 pair of boots
Stlth    +.........             j - amulet of the acrobat
HPRegen  0.24/turn              z - +4 ring of protection
MPRegen  0.11/turn              A - ring of poison resistance

@: brilliant, resistant, marked, on berserk cooldown, hasted and slowed
A: horns 3, retaliatory headbutt
a: Renounce Religion, Berserk, Trog's Hand, Brothers in Arms


You were on level 7 of the Dungeon.
You worshipped Trog.
Trog was extremely pleased with you.
You visited 1 branch of the dungeon, and saw 7 of its levels.

You collected 348 gold pieces.
You spent 67 gold pieces at shops.

Inventory:

Hand Weapons
 a - a +0 falchion
 l - a +1 mace of protection (weapon)
 r - a +0 mace of holy wrath
Armour
 h - a +0 pair of boots (worn)
 u - a +3 leather armour
 x - a +0 plate armour
 D - the +2 leather armour of Ethics (worn) {rF- Str+5}
   (You found it on level 5 of the Dungeon)

   It affects your strength (+5).
   It makes you vulnerable to fire.
 F - a +0 pair of gloves (worn)
 G - a +0 kite shield (worn)
Jewellery
 j - an amulet of the acrobat (around neck)
 p - a ring of fire
 z - a +4 ring of protection (left hand)
 A - a ring of poison resistance (right hand)
 C - a +4 ring of protection
 E - a ring of magical power
Wands
 m - a wand of iceblast (8)
 q - a wand of flame (48)
 v - a wand of paralysis (13)
Scrolls
 c - 5 scrolls of identify {unknown}
 d - 2 scrolls of teleportation {unknown}
 g - a scroll of fog {unknown}
 k - 3 scrolls of enchant weapon {unknown}
 t - a scroll of brand weapon {unknown}
 y - a scroll of enchant armour {unknown}
 H - a scroll of acquirement {unknown}
 K - a scroll of noise {unknown}
 L - a scroll of blinking {unknown}
Potions
 b - 2 potions of curing
 e - a potion of brilliance
 n - a potion of degeneration
 w - a potion of lignification {unknown}
 B - a potion of heal wounds {unknown}
 I - a potion of ambrosia {unknown}
 J - a potion of might {unknown}


   Skills:
 * Level 9.7 Fighting
 - Level 4.0 Long Blades
 + Level 5.6 Maces & Flails
 + Level 6.5 Armour
 + Level 6.0 Dodging
 + Level 4.4 Evocations


You had 8 spell levels left.
You didn't know any spells.
Your spell library was empty.

Dungeon Overview and Level Annotations

Branches:
Dungeon (7/15)             Temple (0/1) D:6

Altars:
Vehumet

Shops:
D:5 [

Annotations:
D:7 Harold


Innate Abilities, Weirdness & Mutations

You have a pair of large horns on your head.
You reflexively headbutt those who attack you in melee.


Message History

You block the centaur skeleton's attack.
The centaur skeleton barely misses you. Harold fires a harpoon shot at you.
The harpoon shot hits you but does no damage.
The centaur skeleton hits you but does no damage.
You block the centaur skeleton's attack.
You block Harold's attack.
It was a potion of mutation.
You feel extremely strange. The horns on your head grow some more.
You block the centaur skeleton's attack. x2
Harold points at you and mumbles some strange words.
A sentinel's mark forms upon you.
The centaur skeleton hits you but does no damage.
The centaur skeleton kicks you but does no damage.
It was a potion of magic.
Magic courses through your body.
You block the centaur skeleton's attack.
The centaur skeleton barely misses you.
Harold hits you from afar with a +0 halberd.
* * * LOW HITPOINT WARNING * * *
The centaur skeleton hits you but does no damage.
The centaur skeleton barely misses you. Harold fires a harpoon shot at you.
The harpoon shot hits you.
* * * LOW HITPOINT WARNING * * *
You are yanked forward by the harpoon shot.
It was a potion of degeneration.
There was something very wrong with that liquid.
You feel weakened.
You feel dopey.
You feel clumsy. The centaur skeleton hits you.
* * * LOW HITPOINT WARNING * * *
You block the centaur skeleton's attack.
Harold closely misses you. You furiously retaliate!
You headbutt Harold, but do no damage.
The centaur skeleton hits you but does no damage.
The centaur skeleton kicks you but does no damage.
It was a potion of haste.
You feel yourself speed up.
The centaur skeleton hits you but does no damage.
You block the centaur skeleton's attack.
Harold hits you with a +0 halberd!
You die...

..# #####..#
.## #.....##
.. #.##### #.
.# #.#
...####.# ####
#....#.##...##
#...#.....##
##...).....#
#.#@Z$....#
#....@.......#
####........##
#!##.(...# #.
......# #.
......# .
.<....# .
.....##


You could see Harold and a centaur skeleton.

Vanquished Creatures
  A centaur zombie (D:6)
  Menkaure (D:4)
  A water moccasin (D:6)
  Purgy (D:3)
  An ogre (D:5)
  A wyvern zombie (D:6)
  A bullfrog (D:6)
  4 gnoll sergeants (D:5)
  5 scorpions
  A water moccasin skeleton (D:6)
  A howler monkey (D:6)
  2 gnoll shamans
  6 hounds
  2 orc priests (D:6)
  2 bullfrog zombies
  2 bullfrog skeletons
  2 orc wizards
  Ijyb (D:4)
  Terence (D:3)
  2 iguanas
  A hound skeleton (D:5)
  Robin (D:3)
  4 adders
  31 gnolls
  A howler monkey skeleton (D:7)
  2 white imps
  3 ufetubi
  2 dart slugs
  10 orcs
  5 endoplasms
  4 giant cockroaches
  15 goblins
  11 hobgoblins
  7 jackals
  A kobold (D:4)
  4 quokkas
  9 ball pythons
  3 bats
  4 frilled lizards
  8 rats
164 creatures vanquished.

Notes
Turn   | Place    | Note
-------+----------+-------------------------------------------
     0 | D:1      | ahrsahrtis the Minotaur Berserker began the quest for the
                  | Orb.
     0 | D:1      | Reached XP level 1. HP: 19/19 MP: 0/0
   151 | D:1      | Reached XP level 2. HP: 27/27 MP: 1/1
   154 | D:1      | Reached skill level 4 in Fighting
   745 | D:1      | Reached XP level 3. HP: 33/33 MP: 2/2
   968 | D:2      | Reached ** piety under Trog
  1718 | D:3      | Noticed Robin
  1879 | D:3      | Noticed Purgy
  1895 | D:3      | Killed Purgy
  1896 | D:3      | Reached skill level 5 in Fighting
  1896 | D:3      | Reached skill level 1 in Maces & Flails
  1896 | D:3      | Reached skill level 1 in Evocations
  1896 | D:3      | Reached XP level 4. HP: 35/42 MP: 3/3
  1896 | D:3      | Reached XP level 5. HP: 40/48 MP: 4/4
  2131 | D:3      | Noticed Terence
  2137 | D:3      | Killed Terence
  2214 | D:3      | Killed Robin
  2662 | D:4      | Reached *** piety under Trog
  2722 | D:4      | Reached XP level 6. HP: 34/57 MP: 5/5
  3075 | D:4      | Noticed Ijyb
  3087 | D:4      | Paralysed by Ijyb for 4 turns
  3091 | D:4      | Killed Ijyb
  3092 | D:4      | Reached skill level 6 in Fighting
  3145 | D:4      | Noticed Menkaure
  3153 | D:4      | Killed Menkaure
  3302 | D:4      | Reached XP level 7. HP: 64/64 MP: 6/6
  3876 | D:5      | Entered Level 5 of the Dungeon
  3977 | D:5      | Reached skill level 7 in Fighting
  4211 | D:5      | Reached skill level 5 in Armour
  4224 | D:5      | Reached XP level 8. HP: 73/73 MP: 7/7
  4226 | D:5      | Reached **** piety under Trog
  4247 | D:5      | Reached skill level 8 in Fighting
  4259 | D:5      | Reached skill level 5 in Dodging
  4525 | D:5      | Identified the +2 leather armour of Ethics {rF- Str+5}
  4688 | D:5      | Found Feusock's Armour Shop.
  4700 | D:5      | Bought a +0 pair of gloves for 67 gold pieces
  5134 | D:6      | Reached skill level 9 in Fighting
  5134 | D:6      | Reached skill level 5 in Maces & Flails
  5140 | D:6      | Reached XP level 9. HP: 51/83 MP: 8/8
  5282 | D:6      | Found a staircase to the Ecumenical Temple.
  5335 | D:6      | Found a radiant altar of Vehumet.
  6182 | D:7      | Noticed Harold
  6193 | D:7      | Reached ***** piety under Trog
  6198 | D:7      | Gained mutation: You have a pair of large horns on your
                  | head. [potion of mutation]
  6199 | D:7      | HP: 4/85 [Harold/+0 halberd (3)]
  6200 | D:7      | HP: 1/85 [centaur skeleton (2)]
  6201 | D:7      | Mangled by Harold

Illustrated notes

Levels and vault maps discovered:
D:1:      dpeg_arrival_ratfight, layout_loops_ring
D:2:      layout_loops_corners, minmay_domino_2
D:3:      layout_basic, uniq_terence, uniq_robin, uniq_purgy
D:4:      layout_loops_cross, uniq_menkaure, uniq_ijyb
D:5:      layout_cave_pools, serial_gnoll_camp, gnoll_camp_mini_house,
          gnoll_camp_huts_basic, gnoll_camp_mini_hut, gnoll_camp_mini_shop
D:6:      layout_rooms, vehumet_altar_wand_db, minmay_temple_entry_proselytizer
D:7:      layout_rooms, nemelex_dance_club_becter, serial_shops,
          nicolae_shop_behind_doors, uniq_crazy_yiuf_cottage,
          uniq_prince_ribbit1, uniq_harold

Skill      XL: |  1  2  3  4  5  6  7  8  9 |
---------------+----------------------------+-----
Fighting       | 4 5 6 7 9 |  9.7
Long Blades    | 4 |  4.0
Armour         | 3 4 5 6 |  6.5
Maces & Flails | 1 2 3 5 |  5.6
Dodging        | 3 4 5 6 |  6.0
Evocations     | 1 2 4 |  4.4

Action                   |  1- 3 |  4- 6 |  7- 9 || total
-------------------------+-------+-------+-------++-------
Melee: Falchion          |    59 |       |       ||    59
       Headbutt          |    14 |    16 |    63 ||    93
       Mace              |    28 |    86 |   251 ||   365
Invok: Berserk           |     1 |     2 |     4 ||     7
       Trog's Hand       |       |       |     1 ||     1
  Use: Potion            |       |       |     7 ||     7
Armor: Animal skin       |     5 |       |       ||     5
       Leather armour    |    33 |    29 |   120 ||   182
       Plate armour      |       |       |   116 ||   116
Dodge: Dodged            |    63 |    55 |   201 ||   319
Block: Kite shield       |       |       |    61 ||    61
       Buckler           |       |       |     4 ||     4
       Rpst.: Falchion   |    13 |       |       ||    13

Table legend: (Time is in decaauts)
 A = Elapsed time spent in this place.
 B = Non-inter-level travel time spent in this place.
 C = Inter-level travel time spent in this place.
 D = Time resting spent in this place.
 E = Time spent auto-exploring this place.
 F = Levels seen in this place.
 G = Mean time per level.
                   A        B        C        D        E       F      G
               +--------+--------+--------+--------+--------+-----+--------+
         Total |   6369 |   6242 |    127 |    251 |   4853 |   7 |  909.9 |
       Dungeon |   6369 |   6242 |    127 |    251 |   4853 |   7 |  909.9 |
               +--------+--------+--------+--------+--------+-----+--------+

Top non-repeatable levels by time:
     D:4: 1279 daAuts
     D:5: 1254 daAuts
     D:6: 1082 daAuts
     D:3: 952 daAuts
     D:1: 888 daAuts
     D:2: 825 daAuts
     D:7: 87 daAuts
